 Dungeon Crawl Stone Soup version 0.19-a0-1111-gcceb26a (webtiles) character file.

2843 JustSomeDude the Skirmisher (level 9, -11/69 HPs)
             Began as a Demonspawn Fighter on Aug 10, 2016.
             Mangled by an orc warrior
             ... wielding a +0 glaive
              (22 damage)
             ... on level 9 of the Dungeon.
             The game lasted 00:28:29 (5717 turns).

JustSomeDude the Skirmisher (Demonspawn Fighter)    Turns: 5717, Time: 00:28:37

Health: -11/69     AC: 11    Str: 23    XL:     9   Next: 46%
Magic:  4/4        EV: 10    Int:  9    God:
Gold:   454        SH: 10    Dex: 13    Spells: 1 memorised, 12 levels left

rFire  . . .     SeeInvis +     h - +0 war axe (antimagic)
rCold  . . .     Gourm    .     b - +0 scale mail
rNeg   . . .     Faith    .     c - +0 shield
rPois  .         Spirit   .     o - +0 helmet
rElec  .         Dismiss  .     (no cloak)
rCorr  .         Reflect  .     (no gloves)
SustAt .         Harm     .     (no boots)
MR     .....                    (no amulet)
Stlth  +.........               x - ring of see invisible
                                e - +3 ring of strength

@:
A: talons 2, icy blue scales 2, nightstalker 1, powered by death 1
a: no special abilities


You were on level 9 of the Dungeon.
You were hungry.

You visited 2 branches of the dungeon, and saw 10 of its levels.

You collected 454 gold pieces.

Inventory:

Hand Weapons
 a - a +0 war axe
 h - a +0 antimagic war axe (weapon)
Missiles
 N - 7 javelins (quivered)
Armour
 b - a +0 scale mail (worn)
 c - a +0 shield (worn)
 o - a +0 helmet (worn)
 A - a +0 chain mail
Jewellery
 d - an uncursed ring of wizardry
 e - a +3 ring of strength (left hand)
 x - a ring of see invisible (right hand)
Wands
 i - a wand of random effects (23/48)
 m - a wand of iceblast (0/15)
 s - a wand of polymorph (15/24)
 t - a wand of slowing (28/48)
 z - a wand of iceblast (6/15)
 D - a wand of lightning (5/15)
 H - a wand of flame (25/48)
 K - a wand of random effects (28/48)
 L - a wand of paralysis (8/24)
Scrolls
 k - 3 scrolls of magic mapping {unknown}
 l - a scroll of amnesia {unknown}
 p - 4 scrolls of remove curse
 q - a scroll of enchant weapon {unknown}
 r - a scroll of recharging {unknown}
 u - a scroll of fear
 w - 2 scrolls of teleportation {unknown}
 y - a scroll of blinking {unknown}
 B - 6 scrolls of identify
 F - a scroll of enchant armour {unknown}
 Q - a scroll of fog {unknown}
Potions
 n - a potion of brilliance
 v - 2 potions of agility
 E - 2 potions of cure mutation {unknown}
 I - a potion of resistance {unknown}
 J - a potion of curing
 P - a potion of degeneration {unknown}
Books
 C - a Young Poisoner's Handbook

   Spells                             Type                      Level
   a - Sting                          Conjuration/Poison           1
   b - Mephitic Cloud                 Conjuration/Poison/Air       3
   c - Olgreb's Toxic Radiance        Poison                       4
   d - Alistair's Intoxication        Transmutation/Poison         5
   e - Venom Bolt                     Conjuration/Poison           5
 O - a book of Frost

   Spells                             Type                      Level
   a - Freeze                         Ice                          1
   b - Throw Frost                    Conjuration/Ice              2
   c - Ozocubu's Armour               Charms/Ice                   3
   d - Throw Icicle                   Conjuration/Ice              4
   e - Summon Ice Beast               Ice/Summoning                4
Comestibles
 f - 5 bread rations
 g - 2 meat rations
 j - a beef jerky
 G - 3 royal jellies


   Skills:
 + Level 5.8 Fighting
 + Level 5.4 Axes
 + Level 5.1 Armour
 + Level 4.6 Dodging
 + Level 1.3 Stealth
 + Level 5.8 Shields
 - Level 2.9 Spellcasting
 * Level 1.5 Conjurations
 - Level 3.3 Poison Magic


You had 12 spell levels left.
You knew the following spells:

 Your Spells              Type           Power        Failure   Level  Hunger
a - Sting                 Conj/Pois      #...         86%         1    ##.....


Dungeon Overview and Level Annotations

Branches:
Dungeon (9/15)             Temple (1/1) D:7            Lair (0/6) D:8
    Orc: D:9-12

Altars:
Ashenzari
Cheibriados
Elyvilon
Fedhas
Gozag
Hepliaklqana
Kikubaaqudgha
Makhleb
Nemelex Xobeh
Okawaru
Pakellas
Qazlal
Ru
Sif Muna
Trog
Uskayaw
Vehumet
Xom
Yredelemnul
Zin
The Shining One

Annotations:
D:6 exclusion: oklob plant


Innate Abilities, Weirdness & Mutations

You have razor-sharp toenails.
You are mostly covered in icy blue scales. (AC +3)
You are slightly more attuned to the shadows.
You regenerate a little health from kills.


Message History

You block the orc warrior's attack.
Unknown command.
You closely miss the orc warrior.
You claw the orc warrior, but do no damage.
The orc warrior is severely wounded.
The orc warrior completely misses you. You block the orc warrior's attack.
You closely miss the orc warrior. Your kick misses the orc warrior.
The orc warrior is severely wounded.
The orc warrior hits you from afar with a glaive!
* * * LOW HITPOINT WARNING * * *
The orc warrior barely misses you.
You feel better. You block the orc warrior's attack.
The orc warrior barely misses you.
You hit the orc warrior but do no damage.
You claw the orc warrior, but do no damage.
The orc warrior is severely wounded.
The orc warrior hits you with a hand axe!
* * * LOW HITPOINT WARNING * * *
The orc warrior hits you from afar with a glaive!!
You die...

## #8## #..$#.
##!?.... #oo.....
#oo..... #o# #o#
#@#
#####.############
...................
..................#
#.[.###...........#
#... #...........#
#.. #...........#
#. #...........#
#...# #...........#


You could see 2 orc warriors, an orc priest and 3 orcs.

Vanquished Creatures
  Sigmund (D:2)
  A hippogriff (D:6)
  3 wargs (D:8)
  2 orc warriors
  An ice beast (D:5)
  A sky beast (D:6)
  A black bear (D:7)
  A necrophage (D:9)
  2 phantoms
  3 ogres
  A centaur (D:8)
  2 giant frogs
  3 scorpions
  A howler monkey (D:4)
  A jelly (D:8)
  A hound (D:5)
  2 orc priests
  A gnoll shaman (D:8)
  5 orc wizards
  A centaur skeleton (D:7)
  2 iguanas
  7 worker ants
  A hound skeleton (D:6)
  A worker ant zombie (D:6)
  4 gnolls (D:8)
  8 adders
  2 shadow imps
  2 oozes
  2 adder skeletons
  An adder zombie (D:6)
  4 worms
  8 dart slugs
  6 giant geckos
  15 orcs
  2 bats (D:1)
  A bat zombie (D:3)
  7 giant cockroaches
  6 goblins
  10 hobgoblins
  11 jackals
  4 quokkas
  9 ball pythons
  7 giant newts
  11 kobolds
  9 rats
  2 rat zombies (D:3)
  A plant (D:8)
177 creatures vanquished.

Vanquished Creatures (others)
  An adder skeleton (D:5)
1 creature vanquished.

Grand Total: 178 creatures vanquished

Notes
Turn   | Place    | Note
-------+----------+-------------------------------------------
     0 | D:1      | JustSomeDude the Demonspawn Fighter began the quest for the Orb.
     0 | D:1      | Reached XP level 1. HP: 18/18 MP: 1/1
   121 | D:1      | Gained mutation: You are partially covered in icy blue scales. (AC +2) [demonic ancestry]
   121 | D:1      | Reached XP level 2. HP: 22/24 MP: 2/2
   302 | D:1      | Gained mutation: You have sharp toenails. [demonic ancestry]
   302 | D:1      | Reached XP level 3. HP: 29/29 MP: 3/3
   608 | D:2      | Found a faded altar of an unknown god.
   755 | D:2      | Noticed Sigmund
   762 | D:2      | Killed Sigmund
   762 | D:2      | Reached skill level 1 in Dodging
   762 | D:2      | Gained mutation: You regenerate a little health from kills. [demonic ancestry]
   762 | D:2      | Reached XP level 4. HP: 8/37 MP: 4/4
   762 | D:2      | Reached XP level 5. HP: 9/42 MP: 5/5
   770 | D:2      | Found an opulent altar of Gozag.
  1132 | D:3      | Found a shimmering altar of Xom.
  1132 | D:3      | Found a shimmering altar of Xom.
  1134 | D:3      | Found a shimmering altar of Xom.
  1141 | D:3      | Found a shimmering altar of Xom.
  1144 | D:3      | Found a shimmering altar of Xom.
  1291 | D:3      | Found an ancient bone altar of Kikubaaqudgha.
  1363 | D:3      | Gained mutation: You are slightly more attuned to the shadows. [demonic ancestry]
  1363 | D:3      | Reached XP level 6. HP: 49/49 MP: 6/6
  1528 | D:3      | Found a stormy altar of Qazlal.
  1701 | D:4      | You fall through a shaft for 2 floors!
  1701 | D:6      | Noticed an orc warrior
  1705 | D:6      | Noticed a hippogriff
  1728 | D:7      | Found a snail-covered altar of Cheibriados.
  1919 | D:6      | Gained mutation: You are mostly covered in icy blue scales. (AC +3) [demonic ancestry]
  1919 | D:6      | Reached XP level 7. HP: 36/55 MP: 7/7
  1931 | D:5      | Entered Level 5 of the Dungeon
  2138 | D:5      | Reached skill level 5 in Fighting
  2148 | D:5      | Found a sparkling altar of Nemelex Xobeh.
  2433 | D:5      | Found a hide-covered altar of Uskayaw.
  2794 | D:4      | Found a white marble altar of Elyvilon.
  3370 | D:4      | Reached XP level 8. HP: 32/62 MP: 8/8
  3528 | D:6      | Reached skill level 1 in Stealth
  3535 | D:6      | Reached skill level 5 in Shields
  3559 | D:6      | Learned a level 1 spell: Sting
  3736 | D:6      | Found a radiant altar of Vehumet.
  3937 | D:6      | Found a glowing golden altar of the Shining One.
  3943 | D:6      | Reached skill level 1 in Spellcasting
  3943 | D:6      | Reached skill level 1 in Poison Magic
  3977 | D:6      | Found a basalt altar of Yredelemnul.
  3978 | D:6      | Noticed an oklob plant
  4314 | D:7      | Found a staircase to the Ecumenical Temple.
  4355 | D:7      | Found a hazy altar of Hepliaklqana.
  4456 | Temple   | Entered the Ecumenical Temple
  4842 | D:8      | Found a staircase to the Lair.
  4858 | D:8      | Reached skill level 5 in Axes
  4858 | D:8      | Gained mutation: You have razor-sharp toenails. [demonic ancestry]
  4858 | D:8      | Reached XP level 9. HP: 20/69 MP: 4/12
  4913 | D:8      | Found a bloodstained altar of Trog.
  5251 | D:8      | Reached skill level 5 in Armour
  5688 | D:9      | Reached skill level 1 in Conjurations
  5717 | D:9      | Mangled by an orc warrior

Vault maps used:
D:1:      minmay_arrival_four_houses, minmay_vboxes
D:2:      nicolae_overflow_crystal_walls, ecumenical_altar_2, uniq_sigmund
D:3:      lemuel_zombie_altar_kikubaaqudgha, xom_redecorated,
          overflow_temple_1_default, first_bread, st_stairs_14,
          kennysheep_generic_room_6
D:4:      marbit_many_paths, saegor_snake_ambush
D:5:      lemuel_round_altar, nemelex_altar_shiori, minmay_holes
D:6:      vehumet_altar_wand_db, kennysheep_little_box, kennysheep_nondescript,
          lemuel_oklob_altar
D:7:      black_bear_nest_1, slow_altar_1, lemuel_coloured_pillars_altar
D:8:      bloody_trog, erik_lair_orcish_takeover
D:9:      lemuel_doored_altar, david_orc_4, johnstein_pakellas_dig, uniq_erolcha
Temple:   nicolae_temple_figure_zero

Skill      XL: |  1  2  3  4  5  6  7  8  9 |
---------------+----------------------------+-----
Shields        | 3 4 5 |  5.8
Axes           | 2 3 4 5 |  5.4
Fighting       | 4 5 |  5.8
Armour         | 3 4 5 |  5.1
Dodging        | 1 2 3 4 |  4.6
Stealth        | 1 |  1.3
Spellcasting   | 2 |  2.9
Poison Magic   | 2 3 |  3.3
Conjurations   | 1 |  1.5

Action                   |  1- 3 |  4- 6 |  7- 9 || total
-------------------------+-------+-------+-------++-------
Melee: War axe           |    89 |   178 |   332 ||   599
       Kick              |     6 |    49 |   110 ||   165
Evoke: Wand              |       |     3 |       ||     3
  Use: Potion            |     1 |     4 |     5 ||    10
       Scroll            |       |     3 |       ||     3
 Stab: Sleeping          |       |       |     4 ||     4
  Eat: Chunk             |       |     4 |    10 ||    14
       Royal jelly       |       |       |     1 ||     1
Armor: Scale mail        |    33 |   101 |   110 ||   244
       Skin              |       |    32 |       ||    32
Dodge: Dodged            |    30 |    65 |   172 ||   267
Block: Shield            |    43 |   100 |   203 ||   346
